 Dungeon Crawl Stone Soup version 0.29.0-7-g18a832c13a (webtiles) character file.

Game seed: 12429444946323000694

59 RevDB the Conjurer (level 3, 0/43 HPs)
             Began as a Draconian Conjurer on Aug 29, 2022.
             Succumbed to an adder's poison
             ... on level 2 of the Dungeon on Aug 30, 2022.
             The game lasted 00:12:01 (1371 turns).

RevDB the Conjurer (Draconian Conjurer)             Turns: 1371, Time: 00:12:01

Health: 0/43       AC: 21    Str: 14    XL:     3   Next: 78%
Magic:  1/6        EV:  2    Int: 20    God:
Gold:   123        SH:  0    Dex: 12    Spells: 3/6 levels left

rFire   . . .      SeeInvis .   f - +0 quarterstaff
rCold   . . .      Faith    .   (shield currently unavailable)
rNeg    . . .      Spirit   +   (body armour unavailable)
rPois   +          Reflect  .   (helmet currently unavailable)
rElec   .          Harm     .   (cloak currently unavailable)
rCorr   .          Rampage  .   (gloves currently unavailable)
Will    +....      NoTele   +   (boots currently unavailable)
Stlth   ++........              h - amulet of Quugeo {Spirit Will+ Str+5 Dex+3}
HPRegen 0.14/turn               (no ring)
MPRegen 0.10/turn               (no ring)

@: brilliant, lethally poisoned (0 -> -3), tree-form
A: stationary, stasis, torment immunity, boosted hp, AC +5, unfitting armour,
(cold-blooded)
a: no special abilities


You were on level 2 of the Dungeon.
You were a tree.
You visited 1 branch of the dungeon, and saw 3 of its levels.

You collected 123 gold pieces.

Inventory:

Hand Weapons
 f - a +0 quarterstaff (weapon)
Jewellery
 h - the amulet of Quugeo (around neck) {Spirit Will+ Str+5 Dex+3}
   (You found it on level 2 of the Dungeon)

   [amulet of guardian spirit]

   It causes incoming damage to be divided between your reserves of health and
   magic.
   Str:       It affects your strength (+5).
   Dex:       It affects your dexterity (+3).
   Will:      It increases your willpower.
Scrolls
 b - a scroll of fog {unknown}
 c - a scroll of identify {unknown}
 e - a scroll of amnesia {unknown}
 g - a scroll of fear {unknown}
 i - a scroll of teleportation {unknown}
 j - a scroll of enchant weapon {unknown}
 k - a scroll of poison {unknown}
 l - a scroll of brand weapon {unknown}
Potions
 a - a potion of magic


   Skills:
 - Level 2.0 Fighting
 + Level 1.7 Staves
 - Level 1.8 Dodging
 - Level 1.8 Stealth
 - Level 2.0 Spellcasting
 - Level 4.5 Conjurations


You had 3 spell levels left.
You knew the following spells:

 Your Spells              Type           Power      Damage    Failure   Level
a - Magic Dart            Conj           100%       1d8       2%          1
b - Searing Ray           Conj           60%        2d6       3%          2

Your spell library contained the following spells:

 Spells                   Type           Power      Damage    Failure   Level
 Dazzling Flash           Conj/Hex       32%        N/A       19%         3
 Fulminant Prism          Conj/Hex       8%         3d7       52%         4
 Iskenderun's Mystic Bla  Conj/Tloc      16%        2d5       52%         4


Dungeon Overview and Level Annotations

Branches:
Dungeon (3/15)

Altars:


Innate Abilities, Weirdness & Mutations

You are a tree.
Your roots penetrate the ground, keeping you stationary.
You cannot be teleported.
You are immune to unholy pain and torment.
Your maximum health is greatly increased.
Your equipment is partially melded.
((Your plain brown scales are hard. (AC +5)))
You cannot fit into any form of body armour.
((You are cold-blooded and may be slowed by cold attacks.))


Message History

The adder is heavily wounded.
You feel sick. The adder misses you. The adder bites you.
You are more poisoned.
The adder poisons you!
Aiming: Magic Dart (safe; 2% risk of failure)
Press: ? - help, Q - select action, (/) - cycle Shift-Dir - straight line, f - adder
Aim: an adder (heavily wounded, 100% to hit)
The magic dart hits the adder.
The adder is almost dead.
You feel very sick. The adder bites you.
* * * LOW HITPOINT WARNING * * *
You are more poisoned.
The adder poisons you!
Casting: Magic Dart (safe; 2% risk of failure)
Confirm with . or Enter, or press ? or * to list all spells.
Aiming: Searing Ray (safe; 3% risk of failure)
Press: ? - help, Shift-Dir - straight line, f/p - adder
Aim: an adder (almost dead, 63% to hit)
The searing ray misses the adder. (Press . to maintain the ray.)
* * * LOW HITPOINT WARNING * * *
You feel very sick. The adder barely misses you.
The adder bites you but does no damage.
Without enough magic to sustain it, your searing ray dissipates.
* * * LOW HITPOINT WARNING * * *
You feel sick. The adder bites you but does no damage.
You sock the adder!
You kill the adder!
* * * LOW HITPOINT WARNING * * *
You feel sick.
It was a potion of lignification.
You turn into a tree.
Your roots penetrate the ground.
* * * LOW HITPOINT WARNING * * *
You feel sick.
It was a potion of brilliance.
You feel clever all of a sudden.
* * * LOW HITPOINT WARNING * * *
You feel sick.
You die...

...##.#.##......#............†...
#####.#.###.....#...........#####
#.#..##.##..............#
#####...................)..## ##
......[#...######..........# #.
#####.###..# #..####....#####.
......# #..# #..# ##.#........
..^...# #..## ##..###..##.###...
......# ##..####♣..##..###..###..
......###...............##..###..
.......#....#............#...##..
..........#................#.##..
###.#.#..#.................#.##..
##....#..#........>..........##..
......#....#.....................
##......##................#..##..
#..##........................##..


There were no monsters in sight!

Vanquished Creatures
  An adder (D:2)
  2 dart slugs (D:2)
  4 bats
  6 endoplasms
  3 giant cockroaches (D:1)
  6 goblins
  3 hobgoblins
  A quokka (D:1)
  5 ball pythons
  2 frilled lizards
  3 kobolds
  8 rats
44 creatures vanquished.

Notes
Turn   | Place    | Note
-------+----------+-------------------------------------------
     0 | D:1      | RevDB the Draconian Conjurer began the quest for the Orb.
     0 | D:1      | Reached XP level 1. HP: 14/14 MP: 3/3
    87 | D:1      | Reached XP level 2. HP: 9/20 MP: 0/5
   126 | D:1      | Learned a level 2 spell: Searing Ray
   364 | D:1      | Reached skill level 1 in Fighting
   547 | D:1      | Upgraded the game from 0.29.0-5-ge4962eb29e to
                  | 0.29.0-7-g18a832c13a
   880 | D:2      | Reached XP level 3. HP: 29/29 MP: 2/6
  1029 | D:2      | Identified the amulet of Quugeo {Spirit Will+ Str+5 Dex+3}
  1098 | D:2      | Reached skill level 1 in Staves
  1369 | D:2      | HP: 2/43 [poisoned by an adder]
  1371 | D:2      | Succumbed to an adder's poison

Illustrated notes

Levels and vault maps discovered:
D:1:      ebering_trefoil_3fold, layout_basic
D:2:      layout_rooms
D:3:      layout_rooms, okawaru_metal_pillars_1_2,
          nicolae_dithmenos_the_darkroom

Skill      XL: |  1  2  3 |
---------------+----------+-----
Fighting       | 1 2 |  2.0
Staves         | 1 |  1.7
Dodging        | |  1.8
Stealth        | |  1.8
Spellcasting   | |  2.0
Conjurations   | |  4.5

Action                   || total
-------------------------++-------
Melee: Unarmed           ||    25
       Tailslap          ||    17
       Short sword       ||    50
       Punch             ||     2
       Quarterstaff      ||    26
 Cast: Magic Dart        ||    46
       Searing Ray       ||     2
  Use: Potion            ||     2
 Stab: Sleeping          ||     2
Armor: Skin              ||    36
Dodge: Dodged            ||    76
